 Dungeon Crawl Stone Soup version 0.29.0-4-gdea44cf6ec (webtiles) character file.

Game seed: 10984424085606188540

2 RascalDebosk the Gusty (level 1, -2/16 HPs)
             Began as an Ogre Air Elementalist on Aug 27, 2022.
             Slain by a hobgoblin (4 damage)
             ... on level 1 of the Dungeon.
             The game lasted 00:02:55 (38 turns).

RascalDebosk the Gusty (Ogre Air Elementalist)        Turns: 38, Time: 00:02:56

Health: -2/16      AC:  3    Str: 11    XL:     1   Next: 30%
Magic:  0/3        EV:  9    Int: 16    God:
Gold:   0          SH:  0    Dex:  9    Spells: 3/4 levels left

rFire   . . .      SeeInvis .   (no weapon)
rCold   . . .      Faith    .   (no shield)
rNeg    . . .      Spirit   .   a - +0 robe
rPois   .          Reflect  .   (helmet restricted)
rElec   .          Harm     .   (no cloak)
rCorr   .          Rampage  .   (gloves unavailable)
Will    .....                   (boots unavailable)
Stlth   +.........              (no amulet)
HPRegen 0.05/turn               (no ring)
MPRegen 0.08/turn               (no ring)

@: very slightly contaminated
A: large, unfitting armour, tough skin 1
a: no special abilities


You were on level 1 of the Dungeon.
You visited 1 branch of the dungeon, and saw 1 of its levels.

Inventory:

Armour
 a - a +0 robe (worn)
Scrolls
 c - a scroll of fog {unknown}
Potions
 b - a potion of magic
 d - a potion of resistance {unknown}


   Skills:
 + Level 0.1 Fighting
 + Level 0.0 Armour
 + Level 1.7 Dodging
 - Level 1.4 Stealth
 + Level 2.4 Spellcasting
 + Level 1.0 Conjurations
 + Level 2.7 Air Magic
 + Level 0.0 Evocations


You had 3 spell levels left.
You knew the following spells:

 Your Spells              Type           Power      Damage    Failure   Level
a - Shock                 Conj/Air       28%        1d4       10%         1

Your spell library contained the following spells:

 Spells                   Type           Power      Damage    Failure   Level
 Static Discharge         Conj/Air       7%         3-4/arc   14%         2
 Swiftness                Air            10%        N/A       21%         3
 Airstrike                Air            5%         2d(1-17)  54%         4


Dungeon Overview and Level Annotations

Branches:
Dungeon (1/15)

Altars:


Innate Abilities, Weirdness & Mutations

You are too large for most types of armour.
You have tough skin. (AC +1)


Message History

The hobgoblin attacks as you move away! The hobgoblin hits you.
The quokka attacks as you move away! The quokka bites you.
Aiming: Shock (safe; 10% risk of failure)
Press: ? - help, Q - select action Shift-Dir - straight line The zap hits the quokka.
The quokka is heavily wounded.
The zap hits the quokka.
The quokka is almost dead.
The quokka bites you. The quokka bites you.
The quokka attacks as you move away!
The quokka bites you but does no damage.
Aiming: Shock (safe; 10% risk of failure)
Press: ? - help, Q - select action Shift-Dir - straight line The zap misses the quokka.
The zap hits the quokka.
You kill the quokka!
The zap hits the hobgoblin but does no damage.
Your Conjurations skill increases to level 1!
The hobgoblin attacks as you move away! The hobgoblin closely misses you.
Aiming: Shock (safe; 10% risk of failure)
Press: ? - help, Q - select action Shift-Dir - straight line You miscast Shock.
You are very lightly contaminated with residual magic.
Nothing appears to happen.
The hobgoblin hits you.
* * * LOW HITPOINT WARNING * * *
The ball python attacks as you move away!
The ball python misses you.
An endoplasm comes into view.
The endoplasm quivers.
Aiming: Shock (safe; 10% risk of failure)
Press: ? - help, Q - select action Shift-Dir - straight line The zap hits the ball python.
The ball python is severely wounded.
The zap hits the ball python.
You kill the ball python!
The zap hits the hobgoblin.
The hobgoblin is lightly wounded.
The hobgoblin attacks as you move away! The hobgoblin hits you.
You die...

### #### #.. ...
########.#.##.?
####......#.# ....
#.g.....#.#.# #..
#@##.##.#.#.####..
........##.##..........#
##.###....####'####.####
##.###.......#.# #.#
#.8.8.8.#.# #..
#.......#.# ...
+.8.<.8.+.# ...
#.......#.. #.8.8.8.#..


You could see a hobgoblin.

Vanquished Creatures
  A quokka (D:1)
  A ball python (D:1)
2 creatures vanquished.

Notes
Turn   | Place    | Note
-------+----------+-------------------------------------------
     0 | D:1      | RascalDebosk the Ogre Air Elementalist began the quest for
                  | the Orb.
     0 | D:1      | Reached XP level 1. HP: 16/16 MP: 3/3
    31 | D:1      | Reached skill level 1 in Conjurations
    38 | D:1      | Slain by a hobgoblin

Illustrated notes

Levels and vault maps discovered:
D:1:      doesnt_arrival_eight_statues, layout_loops_cross,
          basic_ecumenical_altar

Skill      XL: |  1 |
---------------+----+-----
Conjurations   | 1 |  1.0
Fighting       | |  0.1
Dodging        | |  1.7
Stealth        | |  1.4
Spellcasting   | |  2.4
Air Magic      | |  2.7

Action                   || total
-------------------------++-------
 Cast: Shock             ||     3
Armor: Robe              ||     1
Dodge: Dodged            ||     3
